 Dungeon Crawl Stone Soup version 0.26-a0-690-gcb57259078 (webtiles) character file.

Game seed: 626949614959373527

15627 Conn the Covert (level 12, -4/71 (72) HPs)
             Began as an Octopode Hedge Wizard on Oct 24, 2020.
             Was a Priest of Vehumet.
             Hit by a silver javelin thrown by a minotaur (11 damage)
             ... in a Gauntlet.
             The game lasted 01:17:29 (15269 turns).

Conn the Covert (Octopode Hedge Wizard)            Turns: 15269, Time: 01:17:39

HP:   -4/71 (72)    AC:  7    Str: 19    XL:     12   Next: 29%
MP:   21/25         EV: 21    Int: 20    God:    Vehumet [***...]
Gold: 814           SH:  0    Dex: 13    Spells: 13/30 levels left

rFire    + + +     SeeInvis .   M - +0 mace "Mirphukoc" {flame, rF++ rC+}
rCold    + + .     Faith    .   (no shield)
rNeg     + . .     Spirit   .   b - +2 hat
rPois    +         Reflect  .   (no amulet)
rElec    .         Harm     .   l - ring of positive energy
rCorr    +         Rampage  .   o - ring of protection from cold
MR       .....     NoTele   +   q - +4 ring of protection
Stlth    +++++++...             A - +6 ring of strength
HPRegen  0.21/turn              G - +4 ring of evasion
MPRegen  0.19/turn              c - ring of resist corrosion
                                (no ring)
                                J - ring of the Queen {rPois rF+ Str+4 Dex+2 Stlth+}

@: no status effects
A: almost no armour, stealthy swim, amphibious, 8 rings, constrict 8, antennae
1, fangs 1, tentacle spike 1, camouflage 1, clumsy 1, gelatinous body 1
a: Renounce Religion


You were in a Gauntlet.
You worshipped Vehumet.
Vehumet was most pleased with you.
You visited 2 branches of the dungeon, and saw 13 of its levels.
You also visited: Bailey and Gauntlet.

You collected 814 gold pieces.

Inventory:

Hand Weapons
 g - a +0 short sword
 j - a +0 rapier
 u - a +2 dagger of venom
 C - the +2 flail "Earthworm" {vorpal, rElec Int+2}
   (You found it in a Gauntlet)

   It inflicts extra damage upon your enemies.
   It affects your intelligence (+2).
   It insulates you from electricity.
 D - a +0 mace of protection
 M - the +0 mace "Mirphukoc" (weapon) {flame, rF++ rC+}
   (You found it on level 5 of the Dungeon)

   It has been specially enchanted to burn those struck by it, causing extra
   injury to most foes and up to half again as much damage against particularly
   susceptible opponents.
   It greatly protects you from fire.
   It protects you from cold.
 N - the +3 dire flail "Napuem" {flame, Dex+5}
   (You took it off an ogre on level 5 of the Dungeon)

   It has been specially enchanted to burn those struck by it, causing extra
   injury to most foes and up to half again as much damage against particularly
   susceptible opponents.
   It affects your dexterity (+5).
Missiles
 s - 7 javelins
 z - 14 sling bullets
 O - 6 curare-tipped darts (quivered)
Armour
 b - a +2 hat (worn)
Magical Staves
 n - an uncursed staff of earth
Jewellery
 c - a ring of resist corrosion (on tentacle)
 f - a cursed -4 ring of strength
 l - a ring of positive energy (left tentacle)
 o - a ring of protection from cold (right tentacle)
 q - a +4 ring of protection (on tentacle)
 A - a +6 ring of strength (on tentacle)
 G - a +4 ring of evasion (on tentacle)
 I - an uncursed ring of fire
 J - the ring of the Queen (on tentacle) {rPois rF+ Str+4 Dex+2 Stlth+}
   (You acquired it on level 10 of the Dungeon)

   [ring of protection from fire]

   It affects your strength (+4).
   It affects your dexterity (+2).
   It protects you from fire.
   It protects you from poison.
   It makes you more stealthy.
Wands
 k - a wand of random effects (30)
 p - a wand of acid (10)
 x - a wand of disintegration (2)
 y - a wand of iceblast (9)
 E - a wand of enslavement (4)
 L - a wand of paralysis (10)
Scrolls
 d - 5 scrolls of immolation
 e - 8 scrolls of remove curse
 h - 7 scrolls of identify
 v - 5 scrolls of teleportation
 B - 3 scrolls of amnesia
 H - a scroll of enchant armour
 Q - a scroll of fog
Potions
 i - 4 potions of might
 m - 4 potions of brilliance
 r - a potion of cancellation {unknown}
 w - a potion of heal wounds
 F - a potion of berserk rage
Miscellaneous
 a - a phial of floods
 P - a condenser vane (2/2)


   Skills:
 + Level 3.0 Fighting
 + Level 4.7 Short Blades
 + Level 2.0 Maces & Flails
 + Level 0.6 Throwing
 * Level 7.0 Dodging
 * Level 12.6 Stealth
 * Level 9.6 Spellcasting
 * Level 8.1 Conjurations
 + Level 3.1 Summonings
 + Level 1.9 Translocations
 + Level 0.1 Fire Magic
 - Level 4.3 Air Magic
 - Level 6.0 Poison Magic
 + Level 0.7 Evocations


You had 13 spell levels left.
You knew the following spells:

 Your Spells              Type           Power        Failure   Level
a - Magic Dart            Conj           ####         1%          1
b - Blink                 Tloc           N/A          4%          2
c - Call Imp              Summ           ###.....     3%          2
d - Conjure Flame         Conj/Fire      ####....     1%          3
e - Mephitic Cloud        Conj/Pois/Air  ####....     1%          3
f - Shock                 Conj/Air       ####         1%          1
g - Freeze                Ice            #...         2%          1
h - Sticky Flame          Conj/Fire      ####....     3%          4

Your spell library contained the following spells:

 Spells                   Type           Power        Failure   Level
 Foxfire                  Conj/Fire      ####         1%          1
 Poisonous Vapours        Pois/Air       ####..       1%          2
 Slow                     Hex            #.......     11%         2
 Freezing Cloud           Conj/Ice/Air   ####......   45%         6
 Cause Fear               Hex            #.........   58%         4
 Dragon Form              Tmut           #.........   100%        7
 Dragon's Call            Summ           ###.......   100%        9


Dungeon Overview and Level Annotations

Branches:
Dungeon (12/15)            Temple (1/1) D:7            Lair (0/6) D:11
    Orc (0/2) D:12         Bailey (visited)         Gauntlet (1/1)

Altars:
Ashenzari
Cheibriados
Dithmenos
Elyvilon
Fedhas
Gozag
Hepliaklqana
Kikubaaqudgha
Makhleb
Nemelex Xobeh
Okawaru
Qazlal
Ru
Sif Muna
Trog
Uskayaw
Vehumet
Wu Jian
Xom
Yredelemnul
Zin
The Shining One

Annotations:
D:9 chipmonk's ghost, novice MiBe Gauntlet 8 transporters, exclusion: lightning spire


Innate Abilities, Weirdness & Mutations

You cannot wear most types of armour.
You are very stealthy in the water. (Stealth+)
You are amphibious.
You can wear up to eight rings at the same time.
You can use your tentacles to constrict eight enemies at once.
Your skin changes colour to match your surroundings (Stealth+).
Your rubbery body absorbs attacks. (AC +1, EV +1)
You have a pair of small antennae on your head.
You have very sharp teeth.
One of your tentacles bears a spike.
You are clumsy. (Dex -2)


Message History

The floor.
Unknown command.
Unknown command.
The blizzard demon is engulfed in freezing vapours.
The ice devil hits you. The ice devil freezes you. You resist.
* * * LOW HITPOINT WARNING * * *
There is a transporter here.
You enter the transporter and appear at another place.
The ice devil hits you!
* * * LOW HITPOINT WARNING * * *
The ice devil freezes you. You resist.
* * * LOW HITPOINT WARNING * * *
The ice devil completely misses you.
Casting: Blink (safe; 4% risk of failure)
Confirm with . or Enter, or press ? or * to list all spells.
You blink.
A minotaur comes into view.
It is wearing a +4 scale mail of cold resistance and quivering 17 silver javelins.
The minotaur bellows!
The minotaur throws a silver javelin.
The silver javelin pierces through you!
You die...

.....8.....8.####.# ..
.............≈##..##.#
.#########...##..... #
.#...#...#...#....# .#
##.#.#.#.#...#.8§.# H.
.#.#.#D#"#...#..4.##.#
©#.##©##©#.8.#.84...
.#.#.#.#!#...#....##.#
##.#D#.#=#...#.8@.# ..
.#...#...#...#....# .#
.#########...##..... #
.............≈##..##.#
.....8.....8§####.# ..
..............## ## ##
###########...≈#
#.X..xXXxx#...##
#......x.x#...≈#


You could see a minotaur and 2 ice devils.

Vanquished Creatures
  A death ooze (Gauntlet)
  A boulder beetle (D:11)
  A two-headed ogre (D:12)
  Sonja (D:11)
  An unseen horror (D:10)
  The ghost of Saltbearer the Shield-Bearer, a novice PaFi of Ru (D:6)
  An ugly thing (D:11)
  An orc sorcerer (D:6)
  A manticore (D:11)
  A cyclops (D:11)
  3 centaur zombies
  A gargoyle (D:12)
  A kobold demonologist (D:6)
  2 trolls
  3 slime creatures (Gauntlet)
  4 wyverns
  A wraith (D:11)
  10 yaks
  Eustachio (D:5)
  4 black bears
  4 orc warriors
  2 sky beasts
  2 ice beasts (D:10)
  3 necrophages
  12 centaurs
  11 ogres
  A big kobold (D:8)
  7 bullfrogs
  7 scorpions
  8 killer bees (D:9)
  4 wights (D:9)
  7 hounds
  4 bullfrog zombies
  2 bullfrog skeletons
  9 orc priests
  2 centaur skeletons
  5 jellies
  7 orc wizards
  3 human zombies (D:9)
  A human skeleton (D:9)
  3 iguanas
  15 worker ants
  A hound zombie (D:10)
  2 hound skeletons
  2 mummies (D:9)
  A worker ant zombie (D:5)
  2 howler monkey zombies
  2 gnolls (D:5)
  5 adders
  5 shadow imps
  2 white imps
  3 ufetubi
  An ooze (D:4)
  An adder skeleton (D:4)
  6 worms
  2 dart slugs
  The ghost of qipq the Sneak, a weakling FeDe (D:5)
  3 leopard geckos
  19 orcs
  5 bats
  8 giant cockroaches
  11 goblins
  6 hobgoblins
  8 jackals
  4 quokkas
  2 ball pythons
  7 frilled lizards
  A jackal skeleton (D:4)
  A jackal zombie (D:6)
  12 kobolds
  An orc zombie (D:9)
  A quokka skeleton (D:6)
  5 rats
289 creatures vanquished.

Vanquished Creatures (collateral kills)
  An ogre (D:8)
  A scorpion (D:10)
  A worker ant (D:5)
  2 gnolls
  2 adders
  A frilled lizard (D:2)
  A jackal skeleton (D:4)
  A rat (D:2)
10 creatures vanquished.

Vanquished Creatures (others)
  21 demonic plants (Gauntlet)
  2 plants
23 creatures vanquished.

Grand Total: 322 creatures vanquished

Notes
Turn   | Place    | Note
-------+----------+-------------------------------------------
     0 | D:1      | Conn the Octopode Hedge Wizard began the quest for the Orb.
     0 | D:1      | Reached XP level 1. HP: 11/11 MP: 4/4
    37 | D:1      | Reached XP level 2. HP: 14/17 MP: 6/6
   207 | D:1      | Reached skill level 3 in Stealth
   749 | D:1      | Reached XP level 3. HP: 16/21 MP: 8/8
   965 | D:1      | Learned a level 2 spell: Blink
   968 | D:1      | Learned a level 2 spell: Call Imp
   972 | D:1      | Learned a level 3 spell: Conjure Flame
  1214 | D:2      | Found a sacrificial altar of Ru.
  1221 | D:2      | Reached skill level 1 in Short Blades
  1221 | D:2      | Reached XP level 4. HP: 25/27 MP: 9/9
  1527 | D:2      | Found a blossoming altar of Fedhas.
  1732 | D:2      | Reached skill level 4 in Stealth
  2224 | D:2      | Found a hide-covered altar of Uskayaw.
  2977 | D:4      | Reached XP level 5. HP: 11/32 MP: 10/10
  3349 | D:4      | Found a bloodstained altar of Trog.
  3654 | D:4      | Reached XP level 6. HP: 26/37 MP: 8/12
  3800 | D:4      | Reached skill level 5 in Stealth
  4177 | D:5      | Entered Level 5 of the Dungeon
  4430 | D:5      | Reached skill level 1 in Fighting
  4757 | D:5      | Reached skill level 5 in Spellcasting
  4791 | D:5      | Reached XP level 7. HP: 34/43 MP: 10/14
  4848 | D:5      | HP: 2/43 [poisoned by a scorpion]
  5112 | D:5      | Found a shimmering altar of Xom.
  5339 | D:5      | Found an opulent altar of Gozag.
  5471 | D:5      | Found a transporter.
  5473 | D:5      | Found a transporter.
  5473 | D:5      | Noticed qipq's ghost (weakling FeDe)
  5473 | D:5      | Identified the +3 dire flail "Napuem" {flame, Dex+5}
  5505 | D:5      | Learned a level 3 spell: Mephitic Cloud
  5549 | D:5      | Noticed Eustachio
  5566 | D:5      | Killed Eustachio
  5701 | D:6      | Found a stormy altar of Qazlal.
  5708 | D:6      | Found a white marble altar of Elyvilon.
  5721 | D:6      | Reached skill level 1 in Poison Magic
  5947 | D:6      | Found a runed translucent gate.
  5954 | D:6      | Reached XP level 8. HP: 48/48 MP: 16/16
  5974 | D:6      | Reached skill level 1 in Air Magic
  5982 | D:6      | Found a runed translucent gate.
  5982 | D:6      | Found a runed translucent gate.
  5983 | D:6      | Noticed Saltbearer's ghost (novice PaFi)
  5984 | D:6      | Found a transporter.
  5991 | D:6      | Noticed a kobold demonologist
  5997 | D:6      | Found a transporter.
  6010 | D:6      | Noticed an orc sorcerer
  6053 | D:6      | Killed a kobold demonologist
  6053 | D:6      | Reached skill level 6 in Stealth
  6245 | D:6      | Killed an orc sorcerer
  6245 | D:6      | Reached skill level 7 in Stealth
  6245 | D:6      | Reached XP level 9. HP: 42/53 MP: 1/18
  6547 | D:6      | Found a broken altar of Ashenzari.
  6677 | D:6      | Killed Saltbearer's ghost
  7111 | D:7      | Found a burning altar of Makhleb.
  7503 | D:7      | Reached skill level 5 in Dodging
  7542 | D:7      | Found a staircase to the Ecumenical Temple.
  7547 | Temple   | Entered the Ecumenical Temple
  8110 | D:8      | Reached skill level 8 in Stealth
  8121 | D:8      | Reached skill level 5 in Poison Magic
  8154 | D:8      | Reached skill level 5 in Conjurations
  8360 | D:8      | Reached XP level 10. HP: 56/59 MP: 15/20
  8390 | D:8      | Found a radiant altar of Vehumet.
  8450 | D:8      | Noticed a two-headed ogre
  8450 | D:8      | Noticed a centaur warrior
  8460 | D:8      | Noticed a cyclops
  8460 | D:8      | Noticed a boulder beetle
  8460 | D:8      | Noticed a centaur warrior
  8470 | D:8      | Noticed a centaur warrior
  8684 | D:8      | Became a worshipper of Vehumet
  9269 | D:9      | Found a basalt altar of Yredelemnul.
  9392 | D:9      | Found a flagged portal.
  9402 | Bailey   | Entered a bailey
  9556 | D:9      | Found a runed translucent gate.
  9564 | D:9      | Reached * piety under Vehumet
  9564 | D:9      | Offered knowledge of Shock by Vehumet.
  9566 | D:9      | Noticed chipmonk's ghost (novice MiBe)
  9571 | D:9      | Found a runed translucent gate.
  9572 | D:9      | Found a runed translucent gate.
  9613 | D:9      | Reached skill level 9 in Stealth
 10281 | D:9      | Learned a level 1 spell: Shock
 10349 | D:9      | Reached skill level 10 in Stealth
 10471 | D:10     | Entered Level 10 of the Dungeon
 10827 | D:10     | Reached XP level 11. HP: 25/64 MP: 11/23
 11247 | D:10     | Killed an unseen horror
 11247 | D:10     | Offered knowledge of Freeze by Vehumet.
 11350 | D:10     | Reached ** piety under Vehumet
 11353 | D:10     | Learned a level 1 spell: Freeze
 11514 | D:10     | Identified a scroll of acquirement
 11514 | D:10     | Acquired the ring of the Queen {rPois rF+ Str+4 Dex+2
                  | Stlth+}
 11540 | D:10     | Reached skill level 11 in Stealth
 12247 | D:5      | Killed qipq's ghost
 12265 | D:5      | Got an iridescent mace
 12266 | D:5      | Identified the cursed +0 mace "Mirphukoc" {flame, rF++ rC+}
                  | (You found it on level 5 of the Dungeon)
 12523 | D:7      | Found a shimmering blue altar of Sif Muna.
 12741 | D:11     | Noticed Sonja
 12752 | D:11     | Killed Sonja
 13039 | D:11     | Noticed a cyclops
 13051 | D:11     | Killed a cyclops
 13051 | D:11     | Reached skill level 1 in Maces & Flails
 13138 | D:11     | Noticed a manticore
 13151 | D:11     | Offered knowledge of Static Discharge by Vehumet.
 13161 | D:11     | HP: 3/65 [manticore (22)]
 13167 | D:11     | Killed a manticore
 13438 | D:11     | Found a staircase to the Lair.
 13740 | D:11     | Noticed a purple ugly thing
 13758 | D:11     | Killed a purple ugly thing
 13960 | D:11     | Reached *** piety under Vehumet
 14035 | D:11     | Noticed a boulder beetle
 14113 | D:11     | Killed a boulder beetle
 14537 | D:11     | Gained mutation: You have a pair of small antennae on your
                  | head. [potion of mutation]
 14537 | D:11     | Gained mutation: One of your tentacles bears a spike.
                  | [potion of mutation]
 14537 | D:11     | Gained mutation: You are clumsy. (Dex -2) [potion of
                  | mutation]
 14537 | D:11     | Gained mutation: You have very sharp teeth. [potion of
                  | mutation]
 14594 | D:12     | Noticed a two-headed ogre
 14606 | D:12     | Reached XP level 12. HP: 72/72 MP: 25/25
 14673 | D:12     | Killed a two-headed ogre
 14673 | D:12     | Reached skill level 12 in Stealth
 14724 | D:12     | Offered knowledge of Sticky Flame by Vehumet.
 14739 | D:12     | Found a staircase to the Orcish Mines.
 14823 | D:12     | Found a gate leading to a gauntlet.
 14833 | Gauntlet | Entered a Gauntlet
 14833 | Gauntlet | Found a transporter.
 14860 | Gauntlet | Noticed a hell hog
 14913 | Gauntlet | Found a transporter.
 14930 | Gauntlet | Found a transporter.
 14934 | Gauntlet | Found a transporter.
 14945 | Gauntlet | Found a transporter.
 14945 | Gauntlet | Noticed a blizzard demon
 14969 | Gauntlet | Found a transporter.
 14972 | Gauntlet | Noticed a seven-headed hydra
 14982 | Gauntlet | Found a transporter.
 15012 | Gauntlet | Found a transporter.
 15012 | Gauntlet | Found a transporter.
 15016 | Gauntlet | Found a transporter.
 15068 | Gauntlet | Found a transporter.
 15068 | Gauntlet | Found a transporter.
 15100 | Gauntlet | Noticed a death ooze
 15133 | Gauntlet | Learned a level 4 spell: Sticky Flame
 15182 | Gauntlet | Killed a death ooze
 15218 | Gauntlet | Got a translucent turquoise ring
 15220 | Gauntlet | Got a slimy flail
 15221 | Gauntlet | Identified the cursed +2 flail "Earthworm" {vorpal, rElec
                  | Int+2} (You found it in a Gauntlet)
 15223 | Gauntlet | Identified the cursed ring of Quichemn {rPois rC+ Str-4
                  | Stlth-} (You found it in a Gauntlet)
 15269 | Gauntlet | Noticed a minotaur
 15269 | Gauntlet | Hit by a silver javelin thrown by a minotaur

Illustrated notes

Levels and vault maps discovered:
D:1:      scummos_arrival_hexagon, layout_rooms
D:2:      minmay_door_path, layout_basic, lemuel_round_altar,
          eat_drink_and_be_merry_uskayaw, nicolae_ru_great_annihilating_truth,
          minmay_cupped
D:3:      layout_rooms
D:4:      layout_cave_pools, kennysheep_mini_moat
D:5:      layout_basic, overflow_temple_1_default, xom_teletrap_fun,
          gammafunk_ghost_smash, skrybe_limestone_x, corexii_leaking_fountain,
          uniq_eustachio
D:6:      gammafunk_wand_slinger, layout_cave_pools,
          ashenzari_conservatory_becter, grunt_temple_overflow_open,
          ebering_ghost_rock_garden, serial_column_ruins, column_ruins_grid_3,
          column_ruins_corridor_T, column_ruins_open_small,
          column_ruins_columns_T, column_ruins_open_small
D:7:      layout_loops_ring, marbit_many_paths, old_standard_altar,
          temple_statues
D:8:      layout_cave_pools, lemuel_round_altar, minivault_12
D:9:      layout_cave_pools, lemuel_mausoleum_altar_yredelemnul, enter_bailey_3,
          gammafunk_ghost_split
D:10:     layout_rooms
D:11:     layout_loops_corners, lair_entry_dummy, uniq_psyche, uniq_sonja
D:12:     layout_rooms, orc_0_dummy, gauntlet_entry_generic
Temple:   jpeg_temple_island
Gauntlet: minmay_gauntlet_mixed_oops_all_seconds
          [minmay_gauntlet_arena_77_two_lines, gammafunk_gauntlet_arena_mazey,
          minmay_gauntlet_arena_77_checkered, nicolae_gauntlet_arena_x,
          minmay_gauntlet_arena_77_two_paths, gammafunk_gauntlet_arena_hedges,
          gauntlet_exit_hidden_loot]

Skill      XL: |  1  2  3  4  5  6  7  8  9 10 11 12 |
---------------+-------------------------------------+-----
Stealth        | 3 4 5 7 8 10 11 12 | 12.6
Short Blades   | 1 2 3 4 |  4.7
Spellcasting   | 4 5 6 7 8 9 |  9.6
Conjurations   | 2 3 5 6 7 8 |  8.1
Fighting       | 1 2 3 |  3.0
Dodging        | 3 4 5 6 7 |  7.0
Poison Magic   | 2 3 5 6 |  6.0
Air Magic      | 2 3 4 |  4.3
Summonings     | 2 3 |  3.1
Maces & Flails | 2 |  2.0
Throwing       | |  0.6
Translocations | |  1.9
Fire Magic     | |  0.1
Evocations     | |  0.7

Action                   |  1- 3 |  4- 6 |  7- 9 | 10-12 || total
-------------------------+-------+-------+-------+-------++-------
Melee: Dagger            |    44 |       |    86 |   312 ||   442
       Constrict         |    18 |    19 |    24 |    62 ||   123
       Tentacles         |     9 |    14 |    28 |    96 ||   147
       Short sword       |    20 |    74 |    31 |       ||   125
       Rapier            |       |       |    11 |       ||    11
       Staff             |       |       |       |     3 ||     3
       Mace              |       |       |       |    46 ||    46
       Kick              |       |       |       |    26 ||    26
       Bite              |       |       |       |     9 ||     9
Throw: Javelin           |       |       |    11 |       ||    11
       Throwing net      |       |       |     1 |       ||     1
       Dart              |       |       |       |     3 ||     3
 Cast: Magic Dart        |    19 |    82 |    57 |   133 ||   291
       Call Imp          |       |    14 |    12 |    21 ||    47
       Blink             |       |     4 |     3 |    19 ||    26
       Mephitic Cloud    |       |       |    23 |    61 ||    84
       Conjure Flame     |       |       |     2 |     8 ||    10
       Shock             |       |       |       |     4 ||     4
       Sticky Flame      |       |       |       |     2 ||     2
Evoke: Wand              |       |       |     5 |    12 ||    17
  Use: Potion            |       |     5 |     5 |     9 ||    19
       Scroll            |       |       |       |    13 ||    13
 Stab: Sleeping          |    13 |    10 |    10 |    23 ||    56
       Paralysed         |       |     1 |       |       ||     1
       Confused          |       |       |     3 |    26 ||    29
       Distracted        |       |       |       |     3 ||     3
Armor: Skin              |     4 |     7 |    26 |    44 ||    81
Dodge: Dodged            |    40 |    53 |    71 |   287 ||   451

Table legend: (Time is in decaauts)
 A = Elapsed time spent in this place.
 B = Non-inter-level travel time spent in this place.
 C = Inter-level travel time spent in this place.
 D = Time resting spent in this place.
 E = Time spent auto-exploring this place.
 F = Levels seen in this place.
 G = Mean time per level.
                   A        B        C        D        E       F      G
               +--------+--------+--------+--------+--------+-----+--------+
         Total |  15222 |  14830 |    392 |   3650 |   6247 |  15 | 1014.8 |
       Dungeon |  14303 |  13950 |    353 |   3541 |   5820 |  12 | 1191.9 |
        Temple |    479 |    440 |     39 |      0 |    427 |   1 |  479.0 |
        Bailey |      9 |      9 |      0 |      0 |      0 |   1 |    9.0 |
      Gauntlet |    429 |    429 |      0 |    109 |      0 |   1 |  429.0 |
               +--------+--------+--------+--------+--------+-----+--------+

Top non-repeatable levels by time:
    D:11: 1853 daAuts
     D:5: 1754 daAuts
     D:9: 1604 daAuts
     D:8: 1417 daAuts
     D:6: 1364 daAuts
     D:2: 1232 daAuts
     D:1: 1076 daAuts
    D:10: 1027 daAuts
     D:4: 992 daAuts
     D:3: 876 daAuts
     D:7: 865 daAuts
  Temple: 479 daAuts
Gauntlet: 429 daAuts
    D:12: 237 daAuts
  Bailey: 9 daAuts
